 Dungeon Sprint DCSS version 0.24.0-41-g2ae2f7f1be (webtiles) character file.

Game seed: 8267435082858076862, levelgen mode: deterministic

30 Groucho the Shield-Bearer (level 3, -1/36 HPs)
             Began as a Deep Dwarf Fighter on Dec 13, 2019.
             Splashed by a jelly's acid (2 damage)
             ... in the Dungeon (Sprint IX: "|||||||||||||||||||||||||||||").
             The game lasted 00:00:21 (40 turns).

Groucho the Shield-Bearer (Deep Dwarf Fighter)        Turns: 40, Time: 00:00:22

Health: -1/36      AC:  0    Str: 20    XL:     3   Next: 5%
Magic:  3/3        EV:  7    Int:  8    God:
Gold:   0          SH: 10    Dex: 12    Spells: 2/2 levels left

rFire    . . .     SeeInvis .   a - +0 war axe
rCold    . . .     Gourm    .   c - +0 shield
rNeg     . . .     Faith    .   b - +0 scale mail
rPois    .         Spirit   .   (no helmet)
rElec    .         Reflect  .   (no cloak)
rCorr    .         Harm     .   (no gloves)
MR       .....     NoTele   +   (no boots)
Stlth    ..........             (no amulet)
HPRegen  0.00/turn              (no ring)
MPRegen  0.08/turn              (no ring)

@: corroded, non-regenerating
A: damage resistance, heal wounds, sense surroundings 1, no regeneration
a: Heal Wounds


You were in the Dungeon.
You were not hungry.

You visited 1 branch

Inventory:

Hand Weapons
 a - a +0 war axe (weapon)
Armour
 b - a +0 scale mail (worn)
 c - a +0 shield (worn)
Scrolls
 k - a scroll of blinking
Potions
 d - a potion of might
 e - a potion of curing
 g - a potion of heal wounds
 h - a potion of haste
 i - 2 potions of magic
 j - a potion of berserk rage
Comestibles
 f - a ration


   Skills:
 + Level 3.8 Fighting
 + Level 3.9 Axes
 + Level 4.6 Armour
 + Level 4.6 Shields


You had 2 spell levels left.
You didn't know any spells.
Your spell library was empty.

Dungeon Overview and Level Annotations

Branches:
Dungeon (1/1)

Altars:


Innate Abilities, Weirdness & Mutations

You are resistant to damage.
You can heal yourself by infusing magical energy.
You passively map a small area around you.
You do not regenerate.


Message History

You hit the jelly. The acid corrodes you!
Your hands burn!
The jelly is moderately wounded.
You hit the crimson imp but do no damage.
The crimson imp barely misses you. You block the jelly's attack.
The crimson imp closely misses you.
You hit the jelly. The acid corrodes you!
Your hands burn!
* * * LOW HITPOINT WARNING * * *
The jelly is heavily wounded.
You closely miss the crimson imp. The jelly barely misses you.
The crimson imp hits you.
* * * LOW HITPOINT WARNING * * *
You block the jelly's attack.
You hit the jelly.
Your hands burn!
The jelly is heavily wounded.
Your shield and scale mail prevent you from hitting the crimson imp.
You are no longer poisoned.
The crimson imp hits you. The jelly hits you.
You are splashed with acid!
* * * LOW HITPOINT WARNING * * *
You hit the jelly but do no damage.
Your hands burn!
You die...

▓.▓
▓.▓
▓)▓ ,
, ▓.▓
,
▓.▓,*
* ▓.▓
* ▓.▓,
, ▓5▓
, ▓@▓
*
▓J▓,*
▓Z▓ ,
▓.▓ ,
* ▓.▓,
▓.▓,*,
▓+▓, ,
,


You could see a jelly, a crimson imp and a giant cockroach zombie.

Vanquished Creatures
  A worker ant (D)
  A leopard gecko (D)
  3 hobgoblins (D)
  A kobold (D)
  A leopard gecko skeleton (D)
7 creatures vanquished.

Notes
Turn   | Place    | Note
-------+----------+-------------------------------------------
     0 | D        | Groucho the Deep Dwarf Fighter began the quest for the Orb.
     0 | D        | Reached XP level 1. HP: 20/20 MP: 1/1
     6 | D        | Banished a spatial maelstrom
    16 | D        | Noticed a worker ant
    16 | D        | Noticed a crimson imp
    16 | D        | Noticed a jelly
    31 | D        | Killed a worker ant
    31 | D        | Reached XP level 2. HP: 15/30 MP: 2/2
    31 | D        | Reached XP level 3. HP: 18/36 MP: 3/3
    39 | D        | HP: 1/36 [acid (7)]
    40 | D        | Splashed by a jelly's acid

Levels and vault maps discovered:
D:        linesprint [early_d, line_temple, items_1, d_10, items_2, lair_1,
          lair_end, items_3, orc_1, orc_end, items_4, d_15, swamp_1, shoals_1,
          snake_1, spider_1, d_20, vaults_1, items_5, swamp_end, shoals_end,
          snake_end, spider_end, vaults_end, d_27, items_6, zot_1, zot_end,
          crypt_end, forest_end, elf_end, slime_end, tomb_end, abyss_end,
          pan_hell_end]

Skill      XL: |  1 |
---------------+----+-----
Fighting       | 3 |  3.8
Axes           | 3 |  3.9
Armour         | 4 |  4.6
Shields        | 4 |  4.6

Action                   || total
-------------------------++-------
Melee: War axe           ||    29
Armor: Scale mail        ||    11
Dodge: Dodged            ||    12
Block: Shield            ||    17
